[Event "ICC Open 2015"]
[Site "Internet Chess Club"]
[Date "2015.05.30"]
[Round "8"]
[White "ALexiz"]
[Black "PajoPatak"]
[Result "1-0"]
[ICCResult "Black resigns"]
[WhiteElo "1807"]
[BlackElo "1620"]
[Opening "Grünfeld: exchange, Spassky variation"]
[ECO "D87"]
[NIC "GI.05"]
[Time "15:35:16"]
[TimeControl "180+0"]

1. d4 Nf6 2. c4 g6 3. Nc3 d5 4. cxd5 Nxd5 5. e4 Nxc3 6. bxc3 Bg7 7. Bc4 O-O
8. Ne2 c5 9. O-O Nc6 10. Be3 Bg4 11. f3 Bd7 12. Rc1 e5 13. dxc5 Qa5 14. Qxd7
{Black resigns}
1-0

[Event "ICC Open 2015"]
[Site "Internet Chess Club"]
[Date "2015.05.30"]
[Round "8"]
[White "LordKinbote"]
[Black "Jospa"]
[Result "1-0"]
[ICCResult "Black checkmated"]
[WhiteElo "1381"]
[BlackElo "1206"]
[Opening "Scotch opening"]
[ECO "C44"]
[NIC "KP.10"]
[Time "15:34:55"]
[TimeControl "180+0"]

1. e4 e5 2. Nf3 Nc6 3. d4 d6 4. dxe5 Nxe5 5. Nxe5 dxe5 6. Qxd8+ Kxd8 7. Nc3
f6 8. Be3 Bb4 9. O-O-O+ Ke7 10. Nd5+ Kf7 11. Nxb4 Ne7 12. Bc4+ Kg6 13. h4 h5
14. f3 Nc6 15. Nxc6 bxc6 16. g4 hxg4 17. fxg4 Kh7 18. g5 fxg5 19. hxg5+ Kg6
20. Rxh8 a5 21. Rf1 a4 22. Bf7# {Black checkmated} 1-0

[Event "ICC Open 2015"]
[Site "Internet Chess Club"]
[Date "2015.05.30"]
[Round "8"]
[White "JRussell2"]
[Black "Cramagica"]
[Result "1-0"]
[ICCResult "Black checkmated"]
[WhiteElo "1276"]
[BlackElo "1152"]
[Opening "St. George (Baker) defense"]
[ECO "B00"]
[NIC "VO.17"]
[Time "15:35:25"]
[TimeControl "180+0"]

1. e4 a6 2. Nf3 b5 3. d4 Bb7 4. Nc3 Nf6 5. e5 Nd5 6. Bd2 e6 7. Nxd5 Bxd5 8.
Bd3 c5 9. c3 Be7 10. O-O O-O 11. Bb1 h6 12. Qc2 f5 13. exf6 Rxf6 14. Qh7+
Kf8 15. Ne5 Nc6 16. Qh8# {Black checkmated} 1-0

[Event "ICC Open 2015"]
[Site "Internet Chess Club"]
[Date "2015.05.30"]
[Round "8"]
[White "DropZone"]
[Black "blackending"]
[Result "1-0"]
[ICCResult "Black resigns"]
[WhiteElo "2044"]
[BlackElo "1702"]
[Opening "King's Indian: London system"]
[ECO "A48"]
[NIC "QP.03"]
[Time "15:35:32"]
[TimeControl "180+0"]

1. d4 Nf6 2. Nf3 g6 3. Bf4 Bg7 4. e3 O-O 5. h3 d6 6. Be2 Nbd7 7. O-O Re8 8.
c3 c6 9. Nbd2 a5 10. a4 e5 11. dxe5 dxe5 12. Bh2 e4 13. Nd4 Nc5 14. Nc4 Be6
15. Nd6 Rf8 16. Nxe6 fxe6 17. b4 Nd3 18. Bxd3 exd3 19. Qxd3 Nd5 20. Nxb7 Qc7
21. Bxc7 {Black resigns} 1-0

[Event "ICC Open 2015"]
[Site "Internet Chess Club"]
[Date "2015.05.30"]
[Round "8"]
[White "patzenfeet"]
[Black "Bundestrainer"]
[Result "0-1"]
[ICCResult "White resigns"]
[WhiteElo "1581"]
[BlackElo "1839"]
[Opening "King's pawn opening"]
[ECO "B07"]
[NIC "VO.17"]
[Time "15:34:58"]
[TimeControl "180+0"]

1. e4 d6 2. Nc3 Nf6 3. g3 e5 4. Bg2 Be7 5. h3 O-O 6. Nge2 c6 7. d4 Nbd7 8.
O-O Re8 9. f4 exd4 10. Nxd4 Nc5 11. Be3 Bf8 12. e5 dxe5 13. fxe5 Rxe5 14.
Nb3 Qxd1 15. Raxd1 Rxe3 16. Nxc5 Bxc5 17. Rd8+ Re8+ {White resigns} 0-1

[Event "ICC Open 2015"]
[Site "Internet Chess Club"]
[Date "2015.05.30"]
[Round "8"]
[White "sakram07"]
[Black "ChessNakas"]
[Result "0-1"]
[ICCResult "White resigns"]
[WhiteElo "1901"]
[BlackElo "2136"]
[Opening "Nimzovich-Larsen attack: Indian variation"]
[ECO "A01"]
[NIC "VO.08"]
[Time "15:35:26"]
[TimeControl "180+0"]

1. b3 Nf6 2. Bb2 e6 3. e3 Be7 4. Nf3 b6 5. Be2 Bb7 6. O-O O-O 7. d4 c5 8.
Nbd2 d5 9. c4 Nc6 10. Rc1 Rc8 11. cxd5 Nxd5 12. Nc4 Bf6 13. dxc5 Bxb2 14.
Rc2 Bf6 15. Qc1 bxc5 16. Na3 Qa5 17. Nc4 Qd8 18. h3 Qe7 19. Bd3 Ncb4 20. Rd2
Nxd3 21. Rxd3 Nb4 22. Rd2 Rfd8 23. Rfd1 Rxd2 24. Rxd2 Rd8 25. Qd1 Rxd2 26.
Qxd2 Qd8 27. Qc2 Nxc2 {White resigns} 0-1

[Event "ICC Open 2015"]
[Site "Internet Chess Club"]
[Date "2015.05.30"]
[Round "8"]
[White "TasteOflover"]
[Black "Tut"]
[Result "0-1"]
[ICCResult "White resigns"]
[WhiteElo "2781"]
[BlackElo "3179"]
[Opening "King's Indian: fianchetto without c4"]
[ECO "A49"]
[NIC "QP.06"]
[Time "15:35:11"]
[TimeControl "180+0"]

1. d4 Nf6 2. Nf3 g6 3. g3 Bg7 4. Bg2 d5 5. O-O c6 6. c4 dxc4 7. a4 O-O 8.
Na3 Be6 9. Qc2 Na6 10. Nxc4 Nb4 11. Qb3 a5 12. Ng5 Bd5 13. e4 Bxc4 14. Qxc4
h6 15. Nh3 Nd7 16. Be3 e5 17. Rad1 Nb6 18. Qc3 exd4 19. Bxd4 Nxa4 20. Qe3
Nc2 21. Bxg7 Nxe3 22. Rxd8 Rfxd8 {White resigns} 0-1

[Event "ICC Open 2015"]
[Site "Internet Chess Club"]
[Date "2015.05.30"]
[Round "8"]
[White "jugador"]
[Black "BOBCATS"]
[Result "1-0"]
[ICCResult "Black resigns"]
[WhiteElo "1729"]
[BlackElo "2019"]
[Opening "QGD: semi-Slav"]
[ECO "D31"]
[NIC "SL.06"]
[Time "15:35:18"]
[TimeControl "180+0"]

1. d4 e6 2. c4 d5 3. Nc3 c6 4. Nf3 Be7 5. g3 h5 6. Bg2 h4 7. gxh4 Bxh4 8.
Bf4 Be7 9. e4 dxc4 10. Ne5 g5 11. Bg3 Nd7 12. Nxc4 Nb6 13. Ne3 Bd6 14. d5
Bxg3 15. hxg3 cxd5 16. Rxh8 Kf8 17. Qd4 f6 18. exd5 Kg7 19. Rh1 e5 20. Qe4
Nh6 21. O-O-O Nd7 22. Rxh6 Kxh6 23. Rh1+ Kg7 24. Rh7+ Kf8 25. Qg6 Nc5 26.
Qg7+ {Black resigns} 1-0

[Event "ICC Open 2015"]
[Site "Internet Chess Club"]
[Date "2015.05.30"]
[Round "8"]
[White "FytinFrank"]
[Black "NICO"]
[Result "1-0"]
[ICCResult "Black checkmated"]
[WhiteElo "2023"]
[BlackElo "2248"]
[Opening "Sicilian: closed"]
[ECO "B23"]
[NIC "SI.44"]
[Time "15:35:35"]
[TimeControl "180+0"]

1. e4 c5 2. Nc3 a6 3. f4 b5 4. a4 b4 5. Nce2 Bb7 6. Ng3 h5 7. h4 e6 8. d3
Be7 9. Nxh5 Bxh4+ 10. g3 Bf6 11. Nxf6+ Qxf6 12. Rxh8 Kf8 13. Nf3 d5 14. Ng5
dxe4 15. Nh7+ Ke7 16. Nxf6 Nxf6 17. dxe4 Nc6 18. Rxa8 Bxa8 19. e5 Nd5 20.
Bg2 Nd4 21. Bxd5 Bxd5 22. c3 Bb3 23. Qh5 Nc2+ 24. Kf2 Nxa1 25. cxb4 cxb4 26.
Bd2 a5 27. Be3 Bxa4 28. Bc5+ Kd7 29. Qxf7+ Kc6 30. Bd6 Bb3 31. Qxg7 Nc2 32.
Qc7+ Kb5 33. Qd7+ Kb6 34. Bc7+ Kc5 35. Bxa5 Nd4 36. Bxb4+ Kxb4 37. Qxd4+ Bc4
38. Qc3+ Kc5 39. b3 Kb5 40. Qxc4+ Kb6 41. Qxe6+ Ka5 42. Qd6 Kb5 43. e6 Ka5
44. e7 Kb5 45. e8=Q+ Ka5 46. Qa8+ Kb5 47. Qa4# {Black checkmated} 1-0

[Event "ICC Open 2015"]
[Site "Internet Chess Club"]
[Date "2015.05.30"]
[Round "8"]
[White "Estocolmov"]
[Black "safadi001"]
[Result "0-1"]
[ICCResult "White resigns"]
[WhiteElo "2233"]
[BlackElo "1902"]
[Opening "Trompowsky attack (Ruth, Opocenský opening)"]
[ECO "A45"]
[NIC "QP.07"]
[Time "15:35:13"]
[TimeControl "180+0"]

1. d4 Nf6 2. Bg5 Ne4 3. Bf4 Nc6 4. f3 e5 5. dxe5 Nc5 6. e4 f6 7. exf6 Qxf6
8. Be3 Qxb2 9. Nc3 Qxc3+ 10. Bd2 Qf6 11. Bc4 Na4 12. Ne2 Nb2 13. Bb4
{White resigns}
0-1

[Event "ICC Open 2015"]
[Site "Internet Chess Club"]
[Date "2015.05.30"]
[Round "8"]
[White "Linkmus"]
[Black "Psycho-Cowboy"]
[Result "0-1"]
[ICCResult "White resigns"]
[WhiteElo "2707"]
[BlackElo "2485"]
[Opening "Dutch defense, Rubinstein variation"]
[ECO "A96"]
[NIC "QO.17"]
[Time "15:34:50"]
[TimeControl "180+0"]

1. d4 e6 2. c4 f5 3. Nc3 Nf6 4. Nf3 Be7 5. g3 O-O 6. Bg2 d6 7. O-O Ne4 8.
Nd2 Nxc3 9. bxc3 e5 10. Ba3 Nc6 11. Rb1 e4 12. f3 e3 13. Nb3 f4 14. gxf4
Rxf4 15. Nc1 Rh4 16. Nd3 Qe8 17. Qe1 Qh5 18. Qg3 Bf5 19. Rxb7 Bxd3 20. exd3
Rc8 21. Re1 Bg5 22. Rb5 Ne5 23. dxe5 Bf4 24. exd6 c5 25. d7 Rd8 26. Rxc5
Bxg3 27. Rxh5 Bf2+ 28. Kf1 Rxh5 29. Rb1 Rxd7 30. d4 Rxh2 31. f4 g5 32. fxg5
Kg7 33. Rb8 Rf7 34. Bf8+ Rxf8 {White resigns} 0-1

[Event "ICC Open 2015"]
[Site "Internet Chess Club"]
[Date "2015.05.30"]
[Round "8"]
[White "jefferyx"]
[Black "Vanych"]
[Result "1-0"]
[ICCResult "Black resigns"]
[WhiteElo "2837"]
[BlackElo "2573"]
[Opening "Polish: Outflank variation"]
[ECO "A00"]
[NIC "VO.10"]
[Time "15:35:09"]
[TimeControl "180+0"]

1. b4 c6 2. Bb2 a5 3. a3 axb4 4. axb4 Rxa1 5. Bxa1 e6 6. Nf3 Nf6 7. b5 d5 8.
e3 Bd6 9. g4 O-O 10. g5 Ne4 11. h4 Nd7 12. d3 Qa5+ 13. Nbd2 Nxd2 14. Nxd2
Qxb5 15. h5 Qa4 16. Rg1 Qh4 17. Bb2 e5 18. Be2 Bb4 19. Bf3 e4 20. dxe4 dxe4
21. Rg4 Bxd2+ 22. Qxd2 Qxh5 23. Qd4 f6 24. gxf6 Nxf6 25. Rxg7+ {Black
resigns} 1-0

[Event "ICC Open 2015"]
[Site "Internet Chess Club"]
[Date "2015.05.30"]
[Round "8"]
[White "yummy2"]
[Black "Sibelephant"]
[Result "0-1"]
[ICCResult "White resigns"]
[WhiteElo "2744"]
[BlackElo "3163"]
[Opening "Sicilian: O'Kelly variation"]
[ECO "B28"]
[NIC "SI.43"]
[Time "15:36:06"]
[TimeControl "180+0"]

1. e4 c5 2. Nf3 a6 3. c4 e6 4. Nc3 Qc7 5. d4 cxd4 6. Nxd4 Nf6 7. a3 b6 8.
Bd3 Bb7 9. O-O d6 10. Qe2 Nbd7 11. f4 Be7 12. f5 e5 13. Nf3 Rc8 14. b4 b5
15. Bb2 bxc4 16. Bc2 O-O 17. h3 Rfe8 18. g4 d5 19. exd5 Nxd5 20. Nxd5 Bxd5
21. Bc3 e4 {White resigns} 0-1

[Event "ICC Open 2015"]
[Site "Internet Chess Club"]
[Date "2015.05.30"]
[Round "8"]
[White "Sebs"]
[Black "flinkfinger"]
[Result "1-0"]
[ICCResult "Black resigns"]
[WhiteElo "2965"]
[BlackElo "2330"]
[Opening "Nimzo-Indian: Kmoch variation"]
[ECO "E20"]
[NIC "NI.30"]
[Time "15:34:54"]
[TimeControl "180+0"]

1. d4 Nf6 2. c4 e6 3. Nc3 Bb4 4. f3 c5 5. d5 b5 6. e4 bxc4 7. Bxc4 Nxd5 8.
Bxd5 exd5 9. Qxd5 Nc6 10. Ne2 Qh4+ 11. g3 Qh3 12. Nf4 Qh6 13. Be3 Qf6 14.
O-O O-O 15. Bxc5 Bxc5+ 16. Qxc5 Ba6 17. Rfd1 Ne5 18. Ncd5 Nxf3+ 19. Kg2
Qxb2+ 20. Kxf3 g5 21. Rab1 Qxh2 22. Nf6+ Kh8 23. Rh1 g4+ 24. Nxg4 Qxa2 25.
Rxh7+ Kxh7 26. Rh1+ {Black resigns} 1-0

[Event "ICC Open 2015"]
[Site "Internet Chess Club"]
[Date "2015.05.30"]
[Round "8"]
[White "Ernani"]
[Black "richbe"]
[Result "1-0"]
[ICCResult "Black resigns"]
[WhiteElo "2650"]
[BlackElo "2037"]
[Opening "English opening"]
[ECO "A30"]
[NIC "QP.11"]
[Time "15:35:29"]
[TimeControl "180+0"]

1. Nf3 Nf6 2. c4 c5 3. g3 g6 4. Bg2 Bg7 5. O-O d6 6. d4 cxd4 7. Nxd4 O-O 8.
Nc3 a6 9. b3 Qc7 10. Bb2 Nc6 11. Rc1 Nxd4 12. Qxd4 Bf5 13. e4 Nxe4 14. Qxg7+
Kxg7 15. Nd5+ Kg8 16. Nxc7 e6 17. Bxe4 Bxe4 18. c5 Rac8 19. cxd6 Rfd8 20.
Rfd1 Bd5 21. Nxd5 Rxc1 22. Ne7+ Kf8 23. Bxc1 {Black resigns} 1-0

[Event "ICC Open 2015"]
[Site "Internet Chess Club"]
[Date "2015.05.30"]
[Round "8"]
[White "truufseir"]
[Black "JAscorpio"]
[Result "1-0"]
[ICCResult "Black checkmated"]
[WhiteElo "1604"]
[BlackElo "1200"]
[Opening "French: Paulsen variation"]
[ECO "C10"]
[NIC "FR.04"]
[Time "15:35:15"]
[TimeControl "180+0"]

1. e4 e6 2. d4 d5 3. Nc3 c6 4. exd5 cxd5 5. Nf3 Qb6 6. Bd3 Nc6 7. O-O Bd7 8.
Be3 O-O-O 9. Qd2 Bd6 10. Nb5 Nb8 11. a4 a6 12. a5 Qc6 13. Na7+ Kc7 14. Nxc6
Nxc6 15. Ng5 f6 16. Nf7 Nh6 17. Nxh8 Rxh8 18. Bxh6 gxh6 19. Qxh6 Bf8 20.
Qxf6 Rg8 21. Bxh7 Bg7 22. Qf7 Rf8 23. Qxg7 Rf4 24. c3 b6 25. axb6+ Kxb6 26.
Qxd7 e5 27. Qxd5 exd4 28. Be4 Kc7 29. Qxc6+ Kd8 30. Qd6+ Ke8 31. Qxf4 Kd7
32. Rxa6 Ke7 33. Qd6+ Kf7 34. Ra7+ Ke8 35. Qe7# {Black checkmated} 1-0

[Event "ICC Open 2015"]
[Site "Internet Chess Club"]
[Date "2015.05.30"]
[Round "8"]
[White "want2win"]
[Black "noyb"]
[Result "1-0"]
[ICCResult "Black resigns"]
[WhiteElo "2381"]
[BlackElo "2019"]
[Opening "Caro-Kann: classical, 7...Nd7"]
[ECO "B18"]
[NIC "CK.10"]
[Time "15:35:27"]
[TimeControl "180+0"]

1. e4 c6 2. d4 d5 3. Nc3 dxe4 4. Nxe4 Bf5 5. Ng3 Bg6 6. Nf3 Nd7 7. h4 h6 8.
Bd3 Bxd3 9. Qxd3 e6 10. Bd2 Ngf6 11. O-O-O Be7 12. Kb1 O-O 13. c3 Qc7 14.
Ne4 Nxe4 15. Qxe4 Nf6 16. Qe2 c5 17. g3 Rad8 18. Bf4 Qb6 19. Be3 cxd4 20.
Bxd4 Qc7 21. Ne5 a6 22. g4 Nd7 23. g5 hxg5 24. hxg5 Bxg5 25. Qh5 Bh6 26. Ng4
Qf4 27. Nxh6+ gxh6 28. Rdg1+ Kh7 29. Rg7+ Kh8 30. Qxh6+ {Black resigns} 1-0

[Event "ICC Open 2015"]
[Site "Internet Chess Club"]
[Date "2015.05.30"]
[Round "8"]
[White "jewels2"]
[Black "Judge-Dread"]
[Result "1-0"]
[ICCResult "Black checkmated"]
[WhiteElo "1315"]
[BlackElo "1104"]
[Opening "QGD: 3.Nc3"]
[ECO "D31"]
[NIC "QO.17"]
[Time "15:36:27"]
[TimeControl "180+0"]

1. d4 e6 2. c4 d5 3. Nc3 dxc4 4. a4 Bb4 5. Nf3 Bxc3+ 6. bxc3 Nf6 7. Bg5 O-O
8. e4 h6 9. Bxf6 Qxf6 10. e5 Qg6 11. Bxc4 Qxg2 12. Rg1 Qh3 13. Bf1 Qh5 14.
Be2 Qf5 15. Bd3 Qh5 16. Rg3 Nc6 17. Qe2 Na5 18. Qe4 Nb3 19. Qh7#
{Black checkmated}
1-0

[Event "ICC Open 2015"]
[Site "Internet Chess Club"]
[Date "2015.05.30"]
[Round "8"]
[White "Mastercito"]
[Black "BehindBluEyes"]
[Result "0-1"]
[ICCResult "White resigns"]
[WhiteElo "1975"]
[BlackElo "2280"]
[Opening "Queen's pawn"]
[ECO "A40"]
[NIC "QO.17"]
[Time "15:35:14"]
[TimeControl "180+0"]

1. d4 e6 2. Nf3 d5 3. Bf4 Nf6 4. e3 c5 5. c3 Nc6 6. Nbd2 cxd4 7. exd4 Bd6 8.
Ne5 O-O 9. Bg3 Qc7 10. f4 g6 11. Bd3 Nh5 12. Qe2 f6 13. Nxg6 hxg6 14. Bxg6
Nxf4 15. Bxf4 Bxf4 16. Qh5 Qg7 17. Nf3 e5 18. O-O Bd7 19. Nh4 Be8 20. Rf3
Bxg6 21. Nxg6 Bg5 22. h4 Qh6 23. Qxh6 Bxh6 24. Nxf8 Rxf8 25. Raf1 Bg7 26.
Rf5 Ne7 27. R5f3 e4 28. Rg3 f5 29. h5 Kh7 30. Kf2 Bf6 31. Ke2 Bh4 32. Rh3
Bg5 33. Rg3 Kh6 34. Rh1 f4 35. Rg4 Nf5 36. Rf1 Kxh5 37. Rxg5+ Kxg5 38. Rh1
Ng3+ {White resigns} 0-1

[Event "ICC Open 2015"]
[Site "Internet Chess Club"]
[Date "2015.05.30"]
[Round "8"]
[White "arobertdennis"]
[Black "EMILSEBY"]
[Result "0-1"]
[ICCResult "White resigns"]
[WhiteElo "1701"]
[BlackElo "2084"]
[Opening "Caro-Kann: Panov-Botvinnik attack, 5...e6"]
[ECO "B14"]
[NIC "CK.03"]
[Time "15:36:04"]
[TimeControl "180+0"]

1. e4 c6 2. c4 d5 3. exd5 cxd5 4. d4 Nf6 5. Nc3 e6 6. a3 Nc6 7. Nf3 Be7 8.
Bd3 O-O 9. O-O dxc4 10. Bxc4 Nd5 11. Nxd5 exd5 12. Bd3 Bf6 13. Be3 Bg4 14.
h3 Bxf3 15. Qxf3 Nxd4 16. Bxd4 Bxd4 17. Rad1 Bxb2 18. Qf4 Qf6 19. Qd2 Bxa3
20. Rfe1 a5 21. Qc2 g6 22. Bb5 d4 23. Qd3 Bc5 24. Re2 b6 25. Rde1 a4 26. Re7
{White resigns}
0-1

[Event "ICC Open 2015"]
[Site "Internet Chess Club"]
[Date "2015.05.30"]
[Round "8"]
[White "Machinegun"]
[Black "RLH2"]
[Result "0-1"]
[ICCResult "White resigns"]
[WhiteElo "2482"]
[BlackElo "2789"]
[Opening "Robatsch (modern) defense"]
[ECO "B06"]
[NIC "KF.05"]
[Time "15:34:45"]
[TimeControl "180+0"]

1. e4 g6 2. d4 Bg7 3. Bc4 c6 4. Nc3 e6 5. Nf3 d5 6. Bb3 Nf6 7. Bg5 h6 8.
Bxf6 Qxf6 9. Qe2 O-O 10. h4 b5 11. a3 a5 12. e5 Qe7 13. Qe3 a4 14. Ba2 Nd7
15. Ne2 b4 16. O-O Ba6 17. Rfb1 Rfb8 18. axb4 Qxb4 19. c3 Qb6 20. Nf4 c5 21.
dxc5 Qxc5 22. Qxc5 Nxc5 23. Nxd5 exd5 24. Bxd5 Ra7 25. c4 Bb7 26. b4 Nd3 27.
e6 Bxa1 28. exf7+ Kg7 29. Rxa1 Bxd5 30. cxd5 Nxb4 31. d6 a3 32. Ne5 a2 33.
d7 Ra5 34. f4 Rxe5 35. fxe5 Kxf7 36. Rc1 Rd8 {White resigns} 0-1

[Event "ICC Open 2015"]
[Site "Internet Chess Club"]
[Date "2015.05.30"]
[Round "8"]
[White "Schack"]
[Black "Ira57"]
[Result "0-1"]
[ICCResult "White resigns"]
[WhiteElo "1632"]
[BlackElo "1950"]
[Opening "QGD: Charousek (Petrosian) variation"]
[ECO "D31"]
[NIC "QO.17"]
[Time "15:34:53"]
[TimeControl "180+0"]

1. d4 e6 2. c4 d5 3. Nc3 Be7 4. Nf3 Nf6 5. cxd5 exd5 6. Bg5 O-O 7. Qc2 c6 8.
e3 Be6 9. Bd3 h6 10. Bf4 Bd6 11. Bxd6 Qxd6 12. O-O Nbd7 13. Rab1 a5 14. a3
b5 15. Rbc1 a4 16. Ne2 Rfc8 17. Bxb5 cxb5 18. Qxc8+ Rxc8 19. Rxc8+ Kh7 20.
Rc2 Bf5 21. Rc8 Bd3 22. Re1 Bxe2 23. Rxe2 b4 24. Rec2 bxa3 25. bxa3 Qxa3 26.
h3 Qb3 27. R8c3 Qb4 28. Ne5 Nxe5 29. dxe5 Ne4 30. Rd3 a3 31. Rxd5 Qb1+
{White resigns}
0-1

[Event "ICC Open 2015"]
[Site "Internet Chess Club"]
[Date "2015.05.30"]
[Round "8"]
[White "kurumania"]
[Black "Federicov"]
[Result "0-1"]
[ICCResult "White resigns"]
[WhiteElo "2845"]
[BlackElo "3094"]
[Opening "King's Indian: Averbakh, main line"]
[ECO "E75"]
[NIC "KI.24"]
[Time "15:36:15"]
[TimeControl "180+0"]

1. d4 Nf6 2. c4 g6 3. Nc3 Bg7 4. e4 d6 5. Be2 O-O 6. Bg5 c5 7. d5 e6 8. Qd2
exd5 9. exd5 Bf5 10. Nf3 Qb6 11. O-O Ne4 12. Nxe4 Bxe4 13. Rae1 Qxb2 14.
Qxb2 Bxb2 15. Be7 Re8 16. Bxd6 Na6 17. Nd2 Bf5 18. g4 Bc2 19. Bf3 Bd3 20.
Rxe8+ Rxe8 21. Rd1 b6 22. Bg2 Nb4 23. a4 Bc2 24. Rf1 Bc3 25. Nb1 Bd4 26. a5
Bd3 27. axb6 axb6 28. Rd1 Bxc4 29. Na3 Bxd5 30. Bxd5 Nxd5 31. Nb5 Nc3 32.
Nxc3 Bxc3 33. g5 Re1+ {White resigns} 0-1

[Event "ICC Open 2015"]
[Site "Internet Chess Club"]
[Date "2015.05.30"]
[Round "8"]
[White "Kjaan1974"]
[Black "Mormegil"]
[Result "0-1"]
[ICCResult "White resigns"]
[WhiteElo "1399"]
[BlackElo "1673"]
[Opening "Caro-Kann defense"]
[ECO "B10"]
[NIC "CK.01"]
[Time "15:37:07"]
[TimeControl "180+0"]

1. e4 c6 2. Nf3 d5 3. exd5 cxd5 4. Be2 Nc6 5. h3 e5 6. c3 Nf6 7. d3 Bd6 8.
O-O O-O 9. Bg5 h6 10. Bxf6 Qxf6 11. Nbd2 Bd7 12. Nb3 Rae8 13. Re1 e4 14.
dxe4 dxe4 15. Nfd4 Qf4 16. g3 Qf6 17. Nxc6 Bxc6 18. Nd4 Bd7 19. Kh2 Qxf2+
20. Kh1 Bxg3 {White resigns} 0-1

[Event "ICC Open 2015"]
[Site "Internet Chess Club"]
[Date "2015.05.30"]
[Round "8"]
[White "nadalthegreat"]
[Black "JustKid"]
[Result "1-0"]
[ICCResult "Black resigns"]
[WhiteElo "1754"]
[BlackElo "2079"]
[Opening "Pirc: classical (two knights) system"]
[ECO "B08"]
[NIC "PU.10"]
[Time "15:35:51"]
[TimeControl "180+0"]

1. e4 d6 2. Nf3 Nf6 3. Nc3 g6 4. d4 Bg7 5. Be3 O-O 6. h3 a6 7. Bc4 b5 8. Bb3
Bb7 9. Qd2 Nxe4 10. Nxe4 Bxe4 11. Ng5 Bb7 12. O-O e6 13. Rad1 Nd7 14. d5 e5
15. Ne6 fxe6 16. dxe6 Qe7 17. exd7+ Kh8 18. Bg5 Qxd7 19. Bd5 Bxd5 20. Qxd5
Qf5 21. Be3 e4 22. Qc6 Rac8 23. Qxa6 Bxb2 24. Rb1 Qe5 25. Rfd1 Ra8 26. Qb7
Rxa2 27. Rxb2 Rxb2 28. Bd4 Qxd4 29. Rxd4 Rb1+ 30. Kh2 Rxf2 31. Qxe4
{Black resigns}
1-0

[Event "ICC Open 2015"]
[Site "Internet Chess Club"]
[Date "2015.05.30"]
[Round "8"]
[White "Steingrim89"]
[Black "Kyekerz"]
[Result "1-0"]
[ICCResult "Black checkmated"]
[WhiteElo "1591"]
[BlackElo "1287"]
[Opening "Modern defense"]
[ECO "A40"]
[NIC "QO.17"]
[Time "15:35:16"]
[TimeControl "180+0"]

1. d4 g6 2. Nf3 Bg7 3. Bf4 d5 4. e3 Nc6 5. Nbd2 Bg4 6. c3 e5 7. dxe5 Nxe5 8.
Be2 Bxf3 9. Nxf3 Nc6 10. O-O Nge7 11. Qc2 O-O 12. Rfd1 Qd7 13. h3 Rad8 14.
Nd4 Nxd4 15. cxd4 b6 16. Qxc7 Qxc7 17. Bxc7 Rc8 18. Bg3 Kh8 19. Rac1 Ng8 20.
Kf1 Nf6 21. Bf3 Ne4 22. Bxe4 dxe4 23. Ke1 Rfd8 24. Kd2 Rd5 25. Rxc8+ Bf8 26.
Rxf8+ Kg7 27. Rc8 f5 28. Be5+ Kh6 29. Rdc1 Kg5 30. R8c7 a6 31. Rxh7 b5 32.
h4+ Kg4 33. f3+ exf3 34. gxf3+ Kxf3 35. Rf1+ Ke4 36. Rf4# {Black checkmated}
1-0

[Event "ICC Open 2015"]
[Site "Internet Chess Club"]
[Date "2015.05.30"]
[Round "8"]
[White "maly"]
[Black "muhit"]
[Result "1-0"]
[ICCResult "Black resigns"]
[WhiteElo "2548"]
[BlackElo "2022"]
[Opening "Nimzo-Indian defense"]
[ECO "E20"]
[NIC "NI.30"]
[Time "15:35:06"]
[TimeControl "180+0"]

1. d4 Nf6 2. c4 e6 3. Nc3 Bb4 4. Bf4 O-O 5. e3 d5 6. a3 Bxc3+ 7. bxc3 b6 8.
cxd5 exd5 9. Bd3 Nc6 10. Ne2 h6 11. O-O Re8 12. c4 Na5 13. cxd5 Nxd5 14. Bg3
Bb7 15. Rc1 Rc8 16. Bf5 Ra8 17. e4 Ne7 18. Bxc7 Nxf5 19. Bxd8 Bxe4 20. Bc7
Nh4 21. f3 Bd5 22. Nf4 Bc4 23. Re1 Nf5 24. Be5 f6 25. Bc7 Ne3 26. Qa4 Bf7
27. d5 Nf5 28. d6 Rxe1+ 29. Rxe1 Rf8 30. d7 Nb7 31. Qc6 Nd8 32. Bxd8 Rxd8
33. Re8+ {Black resigns} 1-0

[Event "ICC Open 2015"]
[Site "Internet Chess Club"]
[Date "2015.05.30"]
[Round "8"]
[White "CapitalG"]
[Black "MJXII"]
[Result "1-0"]
[ICCResult "Black resigns"]
[WhiteElo "2716"]
[BlackElo "1555"]
[Opening "Giuoco Pianissimo"]
[ECO "C50"]
[NIC "IG.02"]
[Time "15:35:23"]
[TimeControl "180+0"]

1. e4 e5 2. Nf3 Nc6 3. Bc4 Bc5 4. d3 Nf6 5. O-O O-O 6. c3 d6 7. Nbd2 Na5 8.
Bb5 a6 9. Ba4 Ba7 10. Bc2 c5 11. Re1 Nc6 12. Nf1 Ne7 13. Bg5 Ng6 14. Ne3 h6
15. Bxf6 Qxf6 16. Nd5 Qd8 17. a4 Be6 18. Bb3 b5 19. axb5 axb5 20. c4 b4 21.
Ba4 Bxd5 22. cxd5 Nf4 23. g3 Nh3+ 24. Kg2 Ng5 25. Bc6 Qf6 26. Bxa8 Rxa8 27.
Nxg5 Qxf2+ 28. Kxf2 c4+ 29. Kg2 hxg5 30. dxc4 {Black resigns} 1-0

[Event "ICC Open 2015"]
[Site "Internet Chess Club"]
[Date "2015.05.30"]
[Round "8"]
[White "Parsifal"]
[Black "VictorRed"]
[Result "1-0"]
[ICCResult "Black resigns"]
[WhiteElo "2424"]
[BlackElo "1835"]
[Opening "Queen's pawn game"]
[ECO "E20"]
[NIC "QO.17"]
[Time "15:37:01"]
[TimeControl "180+0"]

1. d4 e6 2. c4 Nf6 3. Nc3 Be7 4. e4 O-O 5. f4 b6 6. e5 Ne8 7. Bd3 h6 8. Qf3
f5 9. Nge2 c6 10. g4 Bb7 11. gxf5 exf5 12. Rg1 Bh4+ 13. Kd1 Qe7 14. Qh5 d5
15. Qxh6 Bc8 16. cxd5 cxd5 17. Nxd5 Qf7 18. Qxh4 Qxd5 19. Be3 Nc6 20. Rc1
Nb4 21. Bc4 {Black resigns} 1-0

[Event "ICC Open 2015"]
[Site "Internet Chess Club"]
[Date "2015.05.30"]
[Round "8"]
[White "SPARNALIQ"]
[Black "saya"]
[Result "1-0"]
[ICCResult "Black resigns"]
[WhiteElo "2805"]
[BlackElo "2550"]
[Opening "French: Winawer, advance, poisoned pawn variation"]
[ECO "C18"]
[NIC "FR.09"]
[Time "15:35:32"]
[TimeControl "180+0"]

1. e4 e6 2. d4 d5 3. Nc3 Bb4 4. e5 Ne7 5. a3 Bxc3+ 6. bxc3 c5 7. Qg4 cxd4 8.
Bd3 Qc7 9. Ne2 dxc3 10. Qxg7 Rg8 11. Qxh7 Nbc6 12. Bf4 Bd7 13. O-O d4 14.
Bg3 O-O-O 15. Rab1 Nd5 16. Qxf7 Rdf8 17. Qh7 Kb8 18. Qe4 Nde7 19. Nxd4 Nxd4
20. Qxd4 Bc6 21. Qxc3 Nf5 22. Bxf5 exf5 23. f4 Ka8 24. Rf2 Qd7 25. Rd2 Qe6
26. Rbd1 Rc8 27. Rd6 Qa2 28. Qb3 Qxb3 29. cxb3 Be4 30. e6 Rge8 31. Bh4 b6
32. e7 Kb7 33. Rd8 Bc6 34. Rxc8 Kxc8 35. Rd8+ Kc7 36. Kf2 Bd7 37. h3 Kd6 38.
g4 fxg4 39. hxg4 Ke6 40. f5+ {Black resigns} 1-0